 Dungeon Crawl Stone Soup version 0.21-a0-228-g14ccbf3 (webtiles) character file.

1059 Gorglomux the Thaumaturge (level 8, -5/54 HPs)
             Began as a Gnoll Transmuter on Aug 31, 2017.
             Blown up by a gnoll (20 damage)
             ... with a wand of disintegration (?/24)
             ... on level 6 of the Dungeon.
             The game lasted 00:13:09 (6126 turns).

Gorglomux the Thaumaturge (Gnoll Transmuter)        Turns: 6126, Time: 00:13:10

Health: -5/54      AC:  2    Str:  7    XL:     8   Next: 27%
Magic:  18/20      EV: 19    Int:  7    God:
Gold:   221        SH:  0    Dex:  7    Spells: 8/23 levels left

rFire    + . .     SeeInvis .     - Unarmed
rCold    . . .     Gourm    .   (shield currently unavailable)
rNeg     . . .     Faith    .   (armour currently unavailable)
rPois    x         Spirit   .   (helmet currently unavailable)
rElec    .         Reflect  .   (cloak currently unavailable)
rCorr    .         Harm     .   (gloves currently unavailable)
MR       .....                  (boots currently unavailable)
Stlth    +.........             (no amulet)
HPRegen  0.18/turn              f - ring of protection from fire
MPRegen  0.17/turn              (no ring)

@: spider-form (expiring)
A: unchanging attributes, strong nose
a: End Transformation


You were on level 6 of the Dungeon.
You were not hungry.
You were a venomous arachnid creature.
You visited 1 branch of the dungeon, and saw 6 of its levels.

You collected 221 gold pieces.

Inventory:

Missiles
 a - 48 arrows
Armour
 b - a +0 robe (melded)
Jewellery
 f - a ring of protection from fire (left front leg)
Wands
 P - a wand of paralysis (9/24)
Scrolls
 D - a scroll of remove curse
 J - 2 scrolls of enchant weapon {unknown}
 L - 2 scrolls of enchant armour {unknown}
 R - 4 scrolls of identify
 T - a scroll of blinking {unknown}
 V - a scroll of teleportation {unknown}
 Y - a scroll of recharging {unknown}
Potions
 M - 3 potions of haste
 O - a potion of agility
Books
 c - a book of Changes

   Spells                             Type                      Level
   a - Beastly Appendage              Transmutation                1
   b - Sticks to Snakes               Transmutation                2
   c - Spider Form                    Transmutation/Poison         3
   d - Ice Form                       Ice/Transmutation            4
   e - Blade Hands                    Transmutation                5
 W - the Incunabulum of Aid and Translocation
   (You found it on level 5 of the Dungeon)

   Spells                             Type                      Level
   a - Shroud of Golubria             Charms/Translocation         2
   b - Recall                         Summoning/Translocation      3
   c - Force Lance                    Conjuration/Translocation    4
   d - Summon Forest                  Summoning/Translocation      5
   e - Dispersal                      Translocation                6
 X - a book of Frost

   Spells                             Type                      Level
   a - Freeze                         Ice                          1
   b - Throw Frost                    Conjuration/Ice              2
   c - Ozocubu's Armour               Charms/Ice                   3
   d - Throw Icicle                   Conjuration/Ice              4
   e - Summon Ice Beast               Ice/Summoning                4
Comestibles
 d - 3 bread rations
 z - 5 meat rations
 G - a royal jelly


   Skills:
 - Level 1.3 Fighting
 - Level 2.6 Dodging
 - Level 4.0 Unarmed Combat
 + Level 8.0 Spellcasting
 + Level 7.8 Transmutations
 - Level 6.2 Poison Magic


You had 8 spell levels left.
You knew the following spells:

 Your Spells              Type           Power        Failure   Level  Hunger
a - Beastly Appendage     Tmut           ##....       4%          1    None
b - Sticks to Snakes      Tmut           ##......     6%          2    ##.....
c - Spider Form           Tmut/Pois      ##........   11%         3    ###....
d - Ice Form              Ice/Tmut       #.......     61%         4    ####...
e - Blade Hands           Tmut           ##........   43%         5    ######.


Dungeon Overview and Level Annotations

Branches:
Dungeon (6/15)             Temple (0/1) D:6

Altars:
Ashenzari
Qazlal


Innate Abilities, Weirdness & Mutations

Your physical attributes are unchanging.
((You have very sharp teeth.))
Your uncanny sense of smell can sniff out nearby items.


Message History

You swing at nothing!
You barely miss the gnoll!
The gnoll zaps a wand!
The puff of flame hits butt!!!
You resist!
It is a wand of flame (?/48)!
You butt the gnoll!!!
The gnoll is poisoned!
The gnoll is severely wounded!
You completely miss the gnoll! The gnoll misses you!
The gnoll barely misses you!
You maul the gnoll!
The gnoll is poisoned!
The gnoll is lightly wounded!
The gnoll misses you! x2
The gnoll hits you butt afar with a spear!
The gnoll zaps a wand!
You are blasted!!!
It is a wand of disintegration (?/24)!
You annihilate the gnoll!!!
Your transformation is almost over!
The gnoll zaps a wand!
You struggle to resist!
The gnoll zaps a wand!
You are blasted!!! * * * don't die
* * * The gnoll zaps a wand!
You are blasted!!! rip

.......####.#
###..........
#.....##..####..
#..........>
###g.g.....#
########.)........
#
#............#.###
##. #......#.###.#
..
##8.8##s#####..#
.# ## .8...8..#
##..## .#
.8.>.8#.# #g.## .#
.8(..8#.# #g#
.#888 #.# #.#
...## #g# #)# ...
#g# #.# ..
####.###g# .#
#)...##..# ..#


You could see 2 gnolls.

Vanquished Creatures
  The ghost of Gorglomux the Magician, a novice GnTm (D:4)
  An ice beast (D:6)
  A centaur (D:5)
  An ogre (D:5)
  A gnoll sergeant (D:6)
  A hound (D:4)
  2 orc priests (D:3)
  Ijyb (D:3)
  3 orc wizards
  4 worker ants
  3 gnolls
  7 adders
  A worm (D:4)
  4 dart slugs
  3 leopard geckos
  10 orcs
  2 ball pythons
  6 bats
  5 giant cockroaches
  7 goblins
  10 hobgoblins
  5 frilled lizards
  A jackal skeleton (D:3)
  11 kobolds
  A quokka skeleton (D:5)
  8 rats
100 creatures vanquished.

Notes
Turn   | Place    | Note
-------+----------+-------------------------------------------
     0 | D:1      | Gorglomux the Gnoll Transmuter began the quest for the Orb.
     0 | D:1      | Reached XP level 1. HP: 15/15 MP: 4/4
    59 | D:1      | Reached skill level 3 in Transmutations
    98 | D:1      | Reached XP level 2. HP: 13/21 MP: 3/6
   102 | D:1      | Learned a level 2 spell: Sticks to Snakes
   842 | D:1      | Reached XP level 3. HP: 25/26 MP: 6/8
  1046 | D:2      | Learned a level 3 spell: Spider Form
  1078 | D:2      | Reached skill level 4 in Spellcasting
  1165 | D:2      | Reached skill level 1 in Poison Magic
  1406 | D:2      | Reached XP level 4. HP: 32/32 MP: 7/10
  2027 | D:3      | Reached skill level 3 in Poison Magic
  2033 | D:3      | Reached XP level 5. HP: 12/37 MP: 9/11
  2444 | D:3      | Noticed Ijyb
  2459 | D:3      | Paralysed by Ijyb for 3 turns
  2462 | D:3      | Killed Ijyb
  3111 | D:2      | Learned a level 4 spell: Ice Form
  3209 | D:3      | Reached skill level 6 in Poison Magic
  3209 | D:3      | Reached XP level 6. HP: 24/43 MP: 12/12
  3541 | D:4      | Noticed Gorglomux's ghost (novice GnTm)
  3900 | D:4      | Killed Gorglomux's ghost
  3900 | D:4      | Reached skill level 6 in Spellcasting
  3900 | D:4      | Reached XP level 7. HP: 12/48 MP: 9/16
  4092 | D:4      | Learned a level 5 spell: Blade Hands
  4119 | D:4      | Reached skill level 6 in Transmutations
  4406 | D:5      | Entered Level 5 of the Dungeon
  4416 | D:5      | Identified the Incunabulum of Aid and Translocation
  5018 | D:5      | Reached skill level 7 in Spellcasting
  5304 | D:5      | Reached XP level 8. HP: 43/54 MP: 15/18
  5448 | D:5      | Found a stormy altar of Qazlal.
  5451 | D:5      | Found a shattered altar of Ashenzari.
  5881 | D:6      | Found a staircase to the Ecumenical Temple.
  6112 | D:6      | Reached skill level 8 in Spellcasting
  6126 | D:6      | Blown up by a gnoll

Vault maps used:
D:1:      minmay_arrival_loop, minivault_5, corexii_corridor_pit
D:3:      uniq_ijyb
D:5:      chequers_temple_overflow_statue_of_worship, first_bread
D:6:      grunt_temple_overflow_open, minmay_temple_entry_statues

Skill      XL: |  1  2  3  4  5  6  7  8 |
---------------+-------------------------+-----
Transmutations | 3 4 5 7 |  7.8
Spellcasting   | 4 6 7 8 |  8.0
Poison Magic   | 2 4 6 |  6.2
Fighting       | |  1.3
Dodging        | |  2.6
Unarmed Combat | |  4.0

Action                   |  1- 3 |  4- 6 |  7- 9 || total
-------------------------+-------+-------+-------++-------
Melee: Unarmed           |   120 |   195 |    90 ||   405
       Headbutt          |     3 |       |       ||     3
       Bite              |       |     2 |       ||     2
 Cast: Beastly Appendage |     8 |       |       ||     8
       Spider Form       |     4 |    30 |    17 ||    51
  Use: Potion            |     3 |     1 |       ||     4
       Scroll            |       |     3 |       ||     3
  Eat: Chunk             |     2 |    13 |     7 ||    22
       Royal jelly       |       |       |     1 ||     1
Armor: Robe              |     9 |     9 |     1 ||    19
       Skin              |     1 |     5 |     2 ||     8
Dodge: Dodged            |    89 |   143 |    67 ||   299

Table legend:
 A = Spawn XP
 B = Non-spawn XP
 C = Spawn XP percentage of total XP
 D = Spawn monster count
 E = Non-spawn monster count
 F = Spawn count percentage of total count
 G = Total turns spent on level
                    A         B        C        D         E        F      G
               +---------+---------+-------+---------+---------+-------+---------
         Total |      68 |    1446 |   4.5 |      20 |      80 |  20.0 |  6126
               +---------+---------+-------+---------+---------+-------+---------
           D:1 |       6 |      31 |  16.2 |       4 |      14 |  22.2 |  1003
           D:2 |       5 |      61 |   7.6 |       4 |      21 |  16.0 |  1275
           D:3 |      26 |     214 |  10.8 |       8 |      24 |  25.0 |  1283
           D:4 |       3 |     490 |   0.6 |       1 |       7 |  12.5 |   845
           D:5 |      28 |     401 |   6.5 |       3 |       9 |  25.0 |  1442
           D:6 |       0 |     249 |   0.0 |       0 |       5 |   0.0 |   278
               +---------+---------+-------+---------+---------+-------+---------
